[ AOE2 MATCH · #482800689 ]
Team RMBurgundians vs Ethiopians
[ REPLAY ANALYSIS · EXTRACTED FROM THE RECORDED GAME ]
Feudal
12:09
Castle
16:04
Imperial
30:46
| APM avg | 17.1 |
| APM peak | 50 |
| eAPM avg | 11.8 |
| Villagers / military | 105 / 115 |
Focus
⚔️ 27.4% · 🌾 72.6%
Hand Cannoneer ×67 · Skirmisher ×30 · Scout Cavalry ×13 · Mangonel ×3 · Trebuchet (Packed) ×2
Feudal
11:04
Castle
17:35
Imperial
31:35
| APM avg | 23.9 |
| APM peak | 70 |
| eAPM avg | 13.1 |
| Villagers / military | 79 / 60 |
Focus
⚔️ 28.7% · 🌾 71.3%
Skirmisher ×31 · Militia ×17 · Knight ×5 · Trebuchet (Packed) ×3 · Centurion ×2 · Mangonel ×1
Feudal
10:53
Castle
18:58
Imperial
35:21
| APM avg | 22.9 |
| APM peak | 54 |
| eAPM avg | 15.9 |
| Villagers / military | 115 / 83 |
Focus
⚔️ 20.9% · 🌾 79.1%
Spearman ×42 · Archer ×29 · Bombard Cannon ×5 · Shotel Warrior ×4 · Trebuchet (Packed) ×2 · Mangonel ×1
Feudal
9:49
Castle
16:46
Imperial
30:34
| APM avg | 43.2 |
| APM peak | 124 |
| eAPM avg | 24.3 |
| Villagers / military | 64 / 103 |
Focus
⚔️ 37.4% · 🌾 62.6%
Spearman ×42 · Organ Gun ×40 · Bombard Cannon ×20 · Monk ×1
Match map
Initial resources + every placement click. Lines = walls · curves = elevation contours. ◆ gold · ⬟ stone · ● berries · ✦ relic · ◌ wall gap
Your base· ✓ Closed at 16:04 · 5t walls · 2 gate(s)
sthlm's base· ✓ Closed at 17:35 · 10t walls · 1 gate(s)
yarl's base· ✓ Closed at 18:58 · 10t walls · 1 gate(s)
Depart's base· ✓ Closed at 16:46 · 10t walls · 1 gate(s)
Smoothed initial terrain · ◌ = detected wall gap · hover for details
Inputs per minute
— CryAndDie - - sthlm
Build order — CryAndDie
First 150 of 263 actions detected
| 0:01 | Create | Villager (Male) |
| 0:01 | Create | Villager (Male) |
| 0:02 | Create | Villager (Male) |
| 0:02 | Create | Villager (Male) |
| 0:03 | Build | House |
| 0:05 | Build | House |
| 1:29 | Create | Villager (Male) |
| 1:56 | Build | Lumber Camp |
| 1:57 | Create | Villager (Male) |
| 1:58 | Create | Villager (Male) |
| 2:25 | Create | Villager (Male) |
| 2:53 | Create | Villager (Male) |
| 3:00 | Create | Villager (Male) |
| 3:41 | Create | Villager (Male) |
| 3:41 | Create | Villager (Male) |
| 3:54 | Build | House |
| 3:56 | Build | House |
| 3:57 | Build | House |
| 4:02 | Create | Villager (Male) |
| 4:02 | Create | Villager (Male) |
| 4:28 | Build | Mill |
| 4:34 | Create | Villager (Male) |
| 4:34 | Create | Villager (Male) |
| 5:12 | Build | Palisade Wall |
| 5:13 | Build | Palisade Wall |
| 5:36 | Build | Palisade Gate |
| 5:39 | Build | Palisade Wall |
| 5:46 | Create | Villager (Male) |
| 5:47 | Create | Villager (Male) |
| 5:48 | Create | Villager (Male) |
| 5:54 | Build | Farm |
| 7:04 | Create | Villager (Male) |
| 7:04 | Create | Villager (Male) |
| 7:08 | Build | Farm |
| 7:19 | Research | Double-Bit Axe |
| 7:47 | Create | Villager (Male) |
| 7:48 | Create | Villager (Male) |
| 8:28 | Create | Villager (Male) |
| 8:29 | Create | Villager (Male) |
| 8:29 | Create | Villager (Male) |
| 9:18 | Build | Mining Camp |
| 9:23 | Research | Feudal Age |
| 10:25 | Build | Barracks |
| 10:32 | Build | House |
| 11:02 | Create | Villager (Male) |
| 11:03 | Create | Villager (Male) |
| 11:03 | Create | Villager (Male) |
| 11:49 | Research | Horse Collar |
| 12:09 | Age | Feudal Age |
| 12:13 | Build | Archery Range |
| 12:21 | Build | Blacksmith |
| 12:32 | Build | Palisade Gate |
| 13:05 | Research | Heavy Plow |
| 13:24 | Research | Castle Age |
| 13:52 | Build | Farm |
| 13:53 | Build | Farm |
| 13:59 | Build | Farm |
| 14:23 | Research | Bow Saw |
| 15:28 | Research | Wheelbarrow |
| 15:31 | Research | Stone Mining |
| 15:59 | Build | Farm |
| 16:04 | Age | Castle Age |
| 16:09 | Build | Town Center |
| 16:15 | Build | Town Center |
| 16:18 | Build | Farm |
| 16:19 | Build | Farm |
| 16:20 | Build | Farm |
| 16:21 | Build | Farm |
| 16:32 | Build | Farm |
| 16:37 | Build | Farm |
| 16:39 | Research | Town Watch |
| 16:43 | Build | Farm |
| 16:55 | Build | Farm |
| 16:58 | Build | Farm |
| 17:30 | Create | Villager (Male) |
| 17:30 | Create | Villager (Male) |
| 17:31 | Create | Villager (Male) |
| 17:37 | Create | Villager (Male) |
| 17:37 | Create | Villager (Male) |
| 17:37 | Create | Villager (Male) |
| 17:52 | Build | Farm |
| 17:57 | Create | Villager (Male) |
| 17:59 | Build | Farm |
| 18:15 | Build | Stone Wall |
| 18:31 | Build | Stable |
| 18:34 | Create | Villager (Male) ×4 |
| 19:02 | Build | Stone Wall |
| 19:04 | Build | Stone Wall |
| 19:04 | Build | Stone Wall |
| 19:10 | Create | Villager (Male) ×4 |
| 19:11 | Create | Villager (Male) ×4 |
| 19:18 | Build | Farm |
| 19:21 | Build | Farm |
| 19:23 | Create | Villager (Male) |
| 19:39 | Build | House |
| 19:40 | Build | House |
| 19:41 | Build | House |
| 19:42 | Build | House |
| 19:46 | Build | House |
| 19:47 | Create | Villager (Male) ×3 |
| 19:51 | Build | Farm |
| 20:02 | Build | Siege Workshop |
| 20:05 | Create | Villager (Male) ×2 |
| 20:20 | Build | Stone Wall |
| 20:30 | Create | Villager (Male) ×3 |
| 20:38 | Create | Villager (Male) |
| 20:47 | Build | Gate |
| 20:52 | Build | Stone Wall |
| 21:04 | Build | Farm |
| 21:09 | Build | Farm |
| 21:24 | Create | Villager (Male) ×5 |
| 21:25 | Create | Villager (Male) ×3 |
| 21:33 | Build | Town Center |
| 21:36 | Build | Farm |
| 21:37 | Build | Farm |
| 21:38 | Build | Farm |
| 21:40 | Build | Farm |
| 21:44 | Build | Farm |
| 22:00 | Create | Villager (Male) ×5 |
| 22:02 | Build | House |
| 22:03 | Build | House |
| 22:04 | Build | House |
| 22:05 | Build | House |
| 22:31 | Build | Town Center |
| 22:46 | Create | Villager (Male) |
| 22:47 | Create | Villager (Male) |
| 22:48 | Create | Villager (Male) ×5 |
| 22:55 | Build | Farm |
| 22:57 | Build | Farm |
| 23:03 | Create | Villager (Male) |
| 23:03 | Create | Villager (Male) |
| 23:22 | Build | Lumber Camp |
| 23:29 | Build | Lumber Camp |
| 23:37 | Build | Farm |
| 23:39 | Create | Villager (Male) ×5 |
| 23:46 | Build | House |
| 23:47 | Build | House |
| 23:48 | Build | House |
| 23:49 | Build | House |
| 24:11 | Create | Villager (Male) ×5 |
| 24:31 | Build | Castle |
| 24:36 | Create | Villager (Male) ×5 |
| 24:37 | Create | Villager (Male) ×2 |
| 24:41 | Research | Gold Mining |
| 24:48 | Build | Farm |
| 24:55 | Build | Farm |
| 25:11 | Create | Villager (Male) ×5 |
| 25:37 | Build | University |
| 25:50 | Build | Lumber Camp |
| 26:10 | Build | Archery Range |
Build order — sthlm
First 150 of 245 actions detected
| 0:01 | Create | Villager (Male) |
| 0:01 | Create | Villager (Male) |
| 0:03 | Build | House |
| 0:04 | Build | House |
| 0:31 | Create | Villager (Male) |
| 0:49 | Create | Villager (Male) |
| 1:23 | Create | Villager (Male) |
| 1:52 | Create | Villager (Male) |
| 1:55 | Build | Lumber Camp |
| 2:31 | Create | Villager (Male) |
| 2:36 | Create | Villager (Male) |
| 3:08 | Create | Villager (Male) |
| 3:34 | Build | House |
| 4:04 | Create | Villager (Male) |
| 4:09 | Build | House |
| 4:15 | Build | Palisade Wall |
| 4:20 | Create | Villager (Male) |
| 4:51 | Build | Palisade Gate |
| 5:06 | Create | Villager (Male) |
| 5:07 | Create | Villager (Male) |
| 5:27 | Build | Mill |
| 5:35 | Create | Villager (Male) |
| 5:42 | Create | Villager (Male) |
| 6:42 | Create | Villager (Male) |
| 6:54 | Create | Villager (Male) |
| 7:27 | Create | Villager (Male) |
| 7:44 | Create | Villager (Male) |
| 7:52 | Build | House |
| 7:54 | Build | House |
| 7:58 | Create | Villager (Male) |
| 8:34 | Create | Villager (Male) |
| 8:54 | Research | Feudal Age |
| 9:00 | Build | Mining Camp |
| 9:37 | Create | Villager (Male) |
| 9:40 | Research | Loom |
| 9:40 | Create | Villager (Male) |
| 10:37 | Create | Villager (Male) |
| 11:04 | Age | Feudal Age |
| 11:20 | Build | Blacksmith |
| 11:24 | Build | Market |
| 11:29 | Create | Villager (Male) |
| 11:32 | Research | Double-Bit Axe |
| 11:48 | Research | Horse Collar |
| 11:59 | Build | House |
| 12:01 | Build | House |
| 12:03 | Build | House |
| 12:06 | Create | Villager (Male) |
| 13:21 | Build | Farm |
| 13:22 | Build | Farm |
| 13:22 | Build | Farm |
| 13:22 | Build | Farm |
| 13:23 | Build | Farm |
| 13:23 | Build | Farm |
| 13:24 | Build | Farm |
| 13:28 | Create | Villager (Male) |
| 13:29 | Create | Villager (Male) |
| 13:54 | Build | Barracks |
| 13:56 | Create | Villager (Male) |
| 14:01 | Build | Farm |
| 14:01 | Build | Farm |
| 14:13 | Create | Villager (Male) |
| 14:25 | Build | Farm |
| 14:55 | Research | Castle Age |
| 15:01 | Create | Spearman |
| 15:11 | Build | Farm |
| 15:21 | Create | Villager (Male) |
| 15:59 | Create | Villager (Male) |
| 16:20 | Build | Archery Range |
| 16:33 | Build | Archery Range |
| 16:35 | Create | Villager (Male) |
| 16:36 | Research | Fletching |
| 16:37 | Research | Padded Archer Armor |
| 16:38 | Create | Villager (Male) |
| 16:39 | Create | Villager (Male) |
| 17:31 | Create | Skirmisher |
| 17:32 | Create | Skirmisher |
| 17:32 | Create | Skirmisher |
| 17:35 | Age | Castle Age |
| 17:38 | Build | Farm |
| 17:38 | Build | Farm |
| 17:55 | Create | Villager (Male) |
| 18:06 | Build | Town Center |
| 18:10 | Create | Villager (Male) |
| 18:45 | Research | Man-at-Arms (upgrade) |
| 19:08 | Create | Villager (Male) |
| 19:11 | Research | Bow Saw |
| 19:22 | Build | Barracks |
| 19:44 | Research | Long Swordsman (upgrade) |
| 19:58 | Build | Barracks |
| 20:16 | Research | Elite Skirmisher (upgrade) |
| 20:32 | Create | Skirmisher |
| 20:32 | Create | Skirmisher |
| 20:44 | Create | Militia |
| 20:45 | Create | Militia |
| 20:45 | Create | Militia |
| 20:49 | Create | Skirmisher |
| 20:49 | Create | Skirmisher |
| 21:12 | Create | Militia |
| 21:12 | Create | Militia |
| 21:13 | Create | Militia |
| 21:13 | Create | Militia |
| 21:17 | Research | Forging |
| 21:18 | Research | Scale Barding Armor |
| 21:29 | Create | Skirmisher |
| 21:30 | Create | Skirmisher |
| 21:30 | Create | Skirmisher |
| 21:31 | Create | Skirmisher |
| 21:56 | Create | Militia |
| 21:57 | Create | Militia |
| 21:57 | Create | Militia |
| 21:57 | Create | Militia |
| 22:00 | Build | House |
| 22:02 | Build | House |
| 22:03 | Build | House |
| 22:05 | Build | House |
| 22:37 | Create | Villager (Male) |
| 22:38 | Create | Villager (Male) |
| 22:38 | Create | Villager (Male) |
| 23:36 | Create | Villager (Male) |
| 23:36 | Create | Villager (Male) |
| 23:36 | Create | Villager (Male) |
| 23:37 | Create | Villager (Male) |
| 23:37 | Create | Villager (Male) |
| 23:55 | Create | Villager (Male) |
| 24:04 | Create | Militia |
| 24:04 | Create | Militia |
| 24:04 | Create | Militia |
| 24:04 | Create | Militia |
| 24:05 | Create | Militia |
| 24:05 | Create | Militia |
| 24:14 | Create | Villager (Male) |
| 24:15 | Create | Villager (Male) |
| 24:25 | Build | Stable |
| 24:26 | Build | Stable |
| 25:08 | Build | Watch Tower |
| 26:31 | Build | Mining Camp |
| 26:43 | Build | Stone Wall |
| 26:49 | Build | Stone Wall |
| 27:00 | Build | Farm |
| 27:07 | Research | Wheelbarrow |
| 27:31 | Build | Monastery |
| 27:52 | Build | University |
| 28:08 | Create | Villager (Male) |
| 28:25 | Research | Imperial Age |
| 28:58 | Create | Knight |
| 29:13 | Build | Stone Wall |
| 29:45 | Create | Villager (Male) |
| 30:08 | Build | Castle |
| 30:31 | Build | Siege Workshop |
| 30:50 | Research | Bodkin Arrow |
Build order — yarl
First 150 of 308 actions detected
| 0:02 | Create | Villager (Male) ×4 |
| 0:05 | Build | House |
| 0:08 | Build | House |
| 1:26 | Create | Villager (Male) |
| 1:26 | Research | Loom |
| 1:49 | Build | Lumber Camp |
| 2:01 | Create | Villager (Male) |
| 2:30 | Create | Villager (Male) |
| 2:59 | Create | Villager (Male) |
| 3:23 | Create | Villager (Male) |
| 3:58 | Create | Villager (Male) |
| 3:58 | Create | Villager (Male) |
| 4:13 | Build | House |
| 4:15 | Build | House |
| 4:44 | Create | Villager (Male) |
| 4:44 | Create | Villager (Male) |
| 5:40 | Create | Villager (Male) |
| 5:51 | Build | Mill |
| 5:57 | Create | Villager (Male) |
| 6:18 | Create | Villager (Male) |
| 6:54 | Create | Villager (Male) |
| 7:27 | Create | Villager (Male) |
| 7:50 | Create | Villager (Male) |
| 7:57 | Build | Mining Camp |
| 8:17 | Create | Villager (Male) |
| 8:27 | Build | House |
| 8:28 | Build | House |
| 8:31 | Research | Feudal Age |
| 8:58 | Create | Villager (Male) |
| 9:45 | Create | Villager (Male) |
| 10:01 | Build | Mill |
| 10:53 | Age | Feudal Age |
| 10:55 | Research | Horse Collar |
| 10:57 | Research | Double-Bit Axe |
| 11:27 | Build | Stone Wall |
| 11:31 | Build | Gate |
| 11:34 | Create | Villager (Male) |
| 11:41 | Build | Barracks |
| 11:53 | Create | Villager (Male) |
| 12:17 | Build | Stone Wall |
| 12:20 | Create | Villager (Male) |
| 12:39 | Build | Archery Range |
| 12:47 | Create | Villager (Male) |
| 13:03 | Create | Villager (Male) |
| 13:18 | Build | Stone Wall |
| 13:28 | Create | Villager (Male) |
| 13:35 | Create | Archer |
| 13:35 | Create | Archer |
| 13:56 | Build | Farm |
| 13:58 | Create | Villager (Male) |
| 14:04 | Build | Mining Camp |
| 14:14 | Build | House |
| 14:16 | Build | House |
| 14:23 | Build | Farm |
| 14:24 | Create | Villager (Male) |
| 14:42 | Create | Villager (Male) |
| 14:48 | Build | Blacksmith |
| 15:00 | Create | Archer |
| 15:08 | Create | Villager (Male) |
| 15:39 | Build | Farm |
| 15:41 | Create | Villager (Male) |
| 16:01 | Research | Castle Age |
| 16:15 | Research | Gold Mining |
| 16:34 | Create | Archer |
| 16:43 | Build | House |
| 16:50 | Create | Archer |
| 16:55 | Research | Padded Archer Armor |
| 16:57 | Create | Villager (Male) |
| 17:08 | Build | Archery Range |
| 17:35 | Build | House |
| 17:37 | Build | House |
| 17:49 | Create | Archer |
| 18:06 | Build | Mining Camp |
| 18:12 | Research | Stone Mining |
| 18:21 | Create | Archer |
| 18:36 | Build | Farm |
| 18:36 | Build | Farm |
| 18:36 | Build | Farm |
| 18:37 | Build | Farm |
| 18:37 | Build | Farm |
| 18:38 | Build | Farm |
| 18:55 | Create | Villager (Male) |
| 18:58 | Age | Castle Age |
| 19:02 | Research | Bow Saw |
| 19:10 | Research | Crossbowman (upgrade) |
| 19:23 | Research | Heavy Plow |
| 19:30 | Create | Villager (Male) |
| 19:54 | Build | Farm |
| 19:56 | Create | Villager (Male) |
| 19:59 | Create | Villager (Male) |
| 20:33 | Build | Farm |
| 20:35 | Create | Villager (Male) |
| 20:40 | Build | Siege Workshop |
| 20:48 | Create | Villager (Male) |
| 21:20 | Create | Villager (Male) |
| 21:26 | Build | Town Center |
| 21:33 | Create | Villager (Male) |
| 21:55 | Create | Mangonel |
| 22:01 | Create | Villager (Male) |
| 22:25 | Create | Villager (Male) |
| 22:29 | Build | Farm |
| 22:31 | Create | Villager (Male) ×4 |
| 22:53 | Build | House |
| 22:54 | Build | House |
| 22:56 | Create | Villager (Male) |
| 23:35 | Create | Archer |
| 23:35 | Create | Archer |
| 23:40 | Build | Farm |
| 23:41 | Create | Villager (Male) |
| 23:46 | Build | Farm |
| 23:47 | Create | Villager (Male) |
| 23:48 | Create | Villager (Male) |
| 23:49 | Create | Villager (Male) |
| 24:03 | Build | Castle |
| 24:26 | Build | House |
| 24:27 | Build | House |
| 24:27 | Build | House |
| 24:29 | Create | Villager (Male) |
| 24:30 | Create | Villager (Male) |
| 25:20 | Build | Farm |
| 25:20 | Build | Farm |
| 25:21 | Build | Farm |
| 25:21 | Build | Farm |
| 25:23 | Create | Villager (Male) |
| 25:23 | Create | Villager (Male) |
| 25:24 | Create | Villager (Male) |
| 25:24 | Create | Villager (Male) |
| 26:07 | Research | Royal Heirs |
| 26:10 | Create | Shotel Warrior |
| 26:10 | Create | Shotel Warrior |
| 26:24 | Build | Mining Camp |
| 26:26 | Create | Villager (Male) |
| 26:26 | Create | Villager (Male) |
| 26:28 | Create | Villager (Male) |
| 26:28 | Create | Villager (Male) |
| 26:35 | Build | Farm |
| 26:36 | Build | Farm |
| 26:36 | Build | Farm |
| 26:36 | Build | Farm |
| 26:37 | Build | Farm |
| 26:37 | Build | Farm |
| 26:38 | Build | Farm |
| 26:38 | Build | Farm |
| 26:41 | Create | Villager (Male) |
| 26:50 | Build | Mining Camp |
| 27:00 | Build | Farm |
| 27:01 | Build | Farm |
| 27:03 | Create | Villager (Male) |
| 27:07 | Build | Lumber Camp |
| 27:12 | Create | Villager (Male) |
Build order — Depart
First 150 of 275 actions detected
| 0:02 | Build | House |
| 0:03 | Build | House |
| 0:04 | Research | Loom |
| 0:05 | Create | Villager (Male) |
| 0:05 | Create | Villager (Male) |
| 0:05 | Create | Villager (Male) |
| 0:05 | Create | Villager (Male) |
| 0:06 | Create | Villager (Male) |
| 1:20 | Create | Villager (Male) |
| 1:59 | Create | Villager (Male) |
| 1:59 | Create | Villager (Male) |
| 2:15 | Create | Villager (Male) |
| 2:50 | Create | Villager (Male) |
| 2:50 | Create | Villager (Male) |
| 2:58 | Build | Lumber Camp |
| 3:03 | Create | Villager (Male) |
| 3:16 | Create | Villager (Male) |
| 3:16 | Create | Villager (Male) |
| 3:30 | Create | Villager (Male) |
| 3:55 | Create | Villager (Male) |
| 3:55 | Create | Villager (Male) |
| 4:12 | Build | House |
| 4:39 | Build | Palisade Wall |
| 4:56 | Build | Palisade Wall |
| 5:08 | Create | Villager (Male) |
| 5:18 | Create | Villager (Male) |
| 5:28 | Build | Mill |
| 5:31 | Create | Villager (Male) |
| 5:40 | Build | Palisade Gate |
| 5:45 | Build | Palisade Wall |
| 5:48 | Create | Villager (Male) |
| 6:21 | Build | House |
| 6:22 | Build | House |
| 6:33 | Create | Villager (Male) |
| 6:34 | Create | Villager (Male) |
| 7:14 | Build | Mining Camp |
| 7:39 | Research | Feudal Age |
| 7:39 | Research | Feudal Age |
| 8:06 | Build | Mining Camp |
| 8:59 | Create | Villager (Male) |
| 9:49 | Age | Feudal Age |
| 9:50 | Research | Wheelbarrow |
| 9:50 | Research | Wheelbarrow |
| 9:52 | Research | Double-Bit Axe |
| 9:52 | Research | Double-Bit Axe |
| 10:05 | Create | Villager (Male) |
| 10:34 | Build | Blacksmith |
| 11:39 | Create | Villager (Male) |
| 11:39 | Create | Villager (Male) |
| 11:51 | Build | Market |
| 12:41 | Build | Mill |
| 14:06 | Research | Castle Age |
| 14:43 | Research | Gold Mining |
| 14:43 | Research | Gold Mining |
| 14:47 | Build | Lumber Camp |
| 16:46 | Age | Castle Age |
| 17:06 | Research | Bow Saw |
| 17:07 | Research | Horse Collar |
| 17:07 | Research | Horse Collar |
| 17:08 | Create | Villager (Male) |
| 17:22 | Build | Castle |
| 17:39 | Build | House |
| 17:40 | Build | House |
| 17:50 | Research | Heavy Plow |
| 17:52 | Create | Villager (Male) |
| 17:54 | Create | Villager (Male) |
| 18:22 | Build | Farm |
| 18:22 | Create | Villager (Male) |
| 18:45 | Build | Monastery |
| 18:54 | Build | Farm |
| 18:59 | Build | Mill |
| 19:06 | Build | House |
| 19:07 | Build | House |
| 19:08 | Build | House |
| 19:10 | Create | Villager (Male) |
| 19:13 | Build | Farm |
| 19:14 | Create | Villager (Male) |
| 19:27 | Build | Siege Workshop |
| 19:31 | Create | Monk |
| 19:38 | Build | Farm |
| 19:39 | Create | Villager (Male) |
| 19:50 | Create | Villager (Male) |
| 20:32 | Build | University |
| 20:34 | Create | Villager (Male) |
| 20:38 | Build | House |
| 20:38 | Build | House |
| 20:55 | Build | Farm |
| 21:01 | Create | Villager (Male) |
| 21:08 | Build | House |
| 21:09 | Build | House |
| 21:24 | Build | Farm |
| 21:25 | Create | Villager (Male) |
| 21:41 | Build | Farm |
| 21:47 | Create | Villager (Male) |
| 21:47 | Create | Villager (Male) |
| 21:48 | Create | Villager (Male) |
| 21:59 | Create | Organ Gun |
| 21:59 | Create | Organ Gun |
| 22:01 | Create | Organ Gun |
| 22:01 | Create | Organ Gun |
| 22:10 | Build | Mining Camp |
| 22:12 | Build | House |
| 22:24 | Create | Villager (Male) |
| 22:24 | Create | Villager (Male) |
| 22:26 | Create | Villager (Male) |
| 22:26 | Create | Villager (Male) |
| 22:33 | Create | Organ Gun |
| 22:56 | Create | Organ Gun |
| 23:48 | Create | Villager (Male) |
| 23:48 | Create | Villager (Male) |
| 24:07 | Build | Lumber Camp |
| 24:13 | Create | Organ Gun |
| 25:09 | Research | Hand Cart |
| 25:34 | Build | Mill |
| 25:44 | Create | Villager (Male) |
| 25:44 | Create | Villager (Male) |
| 25:49 | Build | Lumber Camp |
| 26:23 | Build | Palisade Wall |
| 26:26 | Build | Palisade Gate |
| 26:31 | Create | Villager (Male) |
| 26:37 | Create | Organ Gun |
| 26:38 | Create | Organ Gun |
| 26:55 | Build | House |
| 26:56 | Build | House |
| 27:24 | Research | Imperial Age |
| 27:25 | Research | Imperial Age |
| 27:33 | Build | House |
| 27:34 | Build | House |
| 27:36 | Build | House |
| 27:37 | Build | House |
| 27:38 | Build | House |
| 27:40 | Build | House |
| 27:51 | Build | Siege Workshop |
| 27:57 | Create | Organ Gun |
| 27:57 | Create | Organ Gun |
| 27:57 | Create | Organ Gun |
| 28:01 | Build | House |
| 28:11 | Build | Mining Camp |
| 28:15 | Build | Mining Camp |
| 28:23 | Create | Villager (Male) |
| 28:23 | Create | Villager (Male) |
| 28:50 | Research | Ballistics |
| 29:08 | Create | Organ Gun |
| 29:08 | Create | Organ Gun |
| 29:31 | Build | House |
| 29:44 | Build | Lumber Camp |
| 30:08 | Create | Organ Gun |
| 30:34 | Age | Imperial Age |
| 30:47 | Research | Chemistry |
| 30:59 | Research | Conscription |
Match timeline
| 4:15 | sthlm · wall_segment Palisade Wall x10 |
| 4:39 | Depart · wall_segment Palisade Wall x4 |
| 4:56 | Depart · wall_segment Palisade Wall x3 |
| 5:12 | CryAndDie · wall_segment Palisade Wall x1 |
| 5:13 | CryAndDie · wall_segment Palisade Wall x1 |
| 5:39 | CryAndDie · wall_segment Palisade Wall x3 |
| 5:45 | Depart · wall_segment Palisade Wall x3 |
| 9:49 | Depart · age_up feudal |
| 10:25 | CryAndDie · first_building Barracks |
| 10:53 | yarl · age_up feudal |
| 11:04 | sthlm · age_up feudal |
| 11:27 | yarl · wall_segment Stone Wall x5 |
| 11:41 | yarl · first_building Barracks |
| 12:09 | CryAndDie · age_up feudal |
| 12:13 | CryAndDie · first_building Archery Range |
| 12:17 | yarl · wall_segment Stone Wall x5 |
| 12:39 | yarl · first_building Archery Range |
| 12:59 | Depart · first_market_buy 100 food |
| 13:04 | Depart · first_market_sell 100 wood |
| 13:18 | yarl · wall_segment Stone Wall x3 |
| 13:54 | sthlm · first_building Barracks |
| 16:04 | CryAndDie · age_up castle |
| 16:20 | sthlm · first_building Archery Range |
| 16:46 | Depart · age_up castle |
| 17:22 | Depart · first_building Castle |
| 17:35 | sthlm · age_up castle |
| 18:15 | CryAndDie · wall_segment Stone Wall x16 |
| 18:31 | CryAndDie · first_building Stable |
| 18:45 | Depart · first_building Monastery |
| 18:58 | yarl · age_up castle |
| 19:02 | CryAndDie · wall_segment Stone Wall x12 |
| 19:04 | CryAndDie · wall_segment Stone Wall x2 |
| 19:04 | CryAndDie · wall_segment Stone Wall x4 |
| 19:27 | Depart · first_building Siege Workshop |
| 20:02 | CryAndDie · first_building Siege Workshop |
| 20:20 | CryAndDie · wall_segment Stone Wall x5 |
| 20:40 | yarl · first_building Siege Workshop |
| 20:52 | CryAndDie · wall_segment Stone Wall x1 |
| 23:59 | sthlm · first_market_buy 100 food |
| 24:03 | yarl · first_building Castle |
| 24:25 | sthlm · first_building Stable |
| 24:31 | CryAndDie · first_building Castle |
| 26:23 | Depart · wall_segment Palisade Wall x4 |
| 26:43 | sthlm · wall_segment Stone Wall x8 |
| 26:49 | sthlm · wall_segment Stone Wall x1 |
| 27:21 | sthlm · first_market_sell 100 food |
| 27:31 | sthlm · first_building Monastery |
| 29:13 | sthlm · wall_segment Stone Wall x1 |
| 30:08 | sthlm · first_building Castle |
| 30:31 | sthlm · first_building Siege Workshop |
| 30:34 | Depart · age_up imperial |
| 30:46 | CryAndDie · age_up imperial |
| 31:35 | sthlm · age_up imperial |
| 33:24 | Depart · first_building Barracks |
| 34:14 | yarl · tribute_sent a jugador 1 |
| 34:14 | yarl · tribute_sent a jugador 3 |
| 34:14 | yarl · tribute_sent a jugador 4 |
| 35:21 | yarl · age_up imperial |
| 41:22 | sthlm · wall_segment Stone Wall x1 |
| 43:05 | CryAndDie · resign |
[ AI ANALYSIS · 1 CREDIT ]
What really happened in this match?
Wolo.gg analyzes every decision: build order, eco, micro, common mistakes by bracket. Personalized analysis on WhatsApp or Discord in 30 seconds.
Civ guide
Burgundians
Map guide
Glade
Perfil
CryAndDie